 Dungeon Crawl Stone Soup version 0.29-a0-819-g94b489e0ae (webtiles) character file.

Game seed: 8567438181236486524

207 Morbidden the Magician (level 6, -3/42 HPs)
             Began as a Djinni Conjurer on July 7, 2022.
             Slain by Pikel
             ... wielding a +0 whip of electrocution
              (11 damage)
             ... on level 4 of the Dungeon.
             The game lasted 00:06:03 (4376 turns).

Morbidden the Magician (Djinni Conjurer)            Turns: 4376, Time: 00:06:04

Health: -3/42      AC:  4    Str:  8    XL:     6   Next: 11%
Gold:   230        EV: 12    Int: 19    God:
                   SH:  0    Dex: 12

rFire   + + .      SeeInvis .   a - +3 dagger (venom)
rCold   x . .      Faith    .   (no shield)
rNeg    . . .      Spirit   .   d - +0 robe
rPois   ∞          Reflect  .   f - +1 helmet
rElec   .          Harm     .   (no cloak)
rCorr   .          Rampage  .   (no gloves)
Will    .....                   (boots unavailable)
Stlth   ++........              (no amulet)
HPRegen 0.14/turn               (no ring)
MPRegen 0.00/turn               (no ring)

@: flying
A: sickness immunity, fire resistance 2, cold vulnerability 1, float, innate
caster, HP casting, extra vitality 1
a: no special abilities


You were on level 4 of the Dungeon.
You visited 1 branch of the dungeon, and saw 4 of its levels.
You also visited: Sewer.

You collected 230 gold pieces.

Inventory:

Hand Weapons
 a - a +3 dagger of venom (weapon)
 t - a +2 dagger of venom
Missiles
 j - 8 poisoned darts
Armour
 d - a +0 robe (worn)
 f - a +1 helmet (worn)
Jewellery
 o - an amulet of regeneration
Scrolls
 e - 2 scrolls of torment {unknown}
 g - 4 scrolls of fear
 i - a scroll of teleportation {unknown}
 k - a scroll of fog
 n - 3 scrolls of identify
 q - a scroll of amnesia {unknown}
 r - a scroll of enchant weapon
 s - a scroll of brand weapon {unknown}
Potions
 b - a potion of mutation {unknown}
 c - a potion of might {unknown}
 h - a potion of cancellation {unknown}
 l - a potion of heal wounds
 m - 2 potions of invisibility {unknown}
 p - a potion of brilliance {unknown}
 u - a potion of curing {unknown}


   Skills:
 * Level 1.3 Fighting
 + Level 0.2 Short Blades
 * Level 2.6 Dodging
 + Level 2.0 Stealth
 * Level 5.0 Spellcasting


You couldn't memorise any spells.
You knew the following spells:

 Your Spells              Type           Power      Damage    Failure   Level
a - Magic Dart            Conj           92%        1d7       1%          1
b - Searing Ray           Conj           46%        2d6       2%          2
c - Dazzling Flash        Conj/Hex       46%        N/A       4%          3
d - Fulminant Prism       Conj/Hex       11%        3d9       16%         4
e - Passwall              Tmut/Erth      19%        N/A       2%          2
x - Summon Small Mammal   Summ           92%        N/A       1%          1
z - Iskenderun's Mystic   Conj/Tloc      23%        2d6       16%         4
Your spell library was empty.

Dungeon Overview and Level Annotations

Branches:
Dungeon (4/15)              Sewer (visited)
 Temple: D:4-7

Altars:
Elyvilon

Shops:
D:1 [

Annotations:
D:4 Pikel


Innate Abilities, Weirdness & Mutations

You are immune to sickness and miasma.
You are immune to poison.
Your flesh is very heat resistant. (rF++)
You are vulnerable to cold. (rC-)
You float through the air rather than walking.
You learn spells naturally, not from books.
Your magical power is your life essence.
You have superior vitality. (+4 MHP)


Message History

Press: ? - help, Shift-Dir - straight line, f/p - lemure
Aim: a lemure (heavily wounded, 100% to hit)
The magic dart hits the lemure.
The lemure is heavily wounded.
A lemure comes into view.
The lemure hits you! x2
Casting: Magic Dart (safe; 1% risk of failure)
Confirm with . or Enter, or press ? or * to list all spells.
Aiming: Magic Dart (safe; 1% risk of failure)
Press: ? - help, Shift-Dir - straight line, f/p - lemure
Aim: a lemure (heavily wounded, 100% to hit)
The magic dart hits the lemure!
The lemure is severely wounded.
The lemure barely misses you. The lemure completely misses you.
Pikel misses you.
Casting: Magic Dart (safe; 1% risk of failure)
Confirm with . or Enter, or press ? or * to list all spells.
Aiming: Magic Dart (safe; 1% risk of failure)
Press: ? - help, Shift-Dir - straight line, f/p - lemure
Aim: a lemure (severely wounded, 100% to hit)
The magic dart hits the lemure.
The lemure is almost dead.
The lemure barely misses you.
Pikel hits you with a +0 whip of electrocution.
* * * LOW HITPOINT WARNING * * *
Unknown command.
Unknown command.
Pikel attacks as you move away!
Pikel hits you with a +0 whip of electrocution.
* * * LOW HITPOINT WARNING * * *
Unknown command.
Unknown command.
Unknown command.
Unknown command.
Unknown command.
Pikel scowls and wipes his hands on his robe.
The lemure attacks as you move away! The lemure closely misses you.
Pikel attacks as you move away!
Pikel hits you with a +0 whip of electrocution!
You die...

#...#
#........)..#.####.#
#...#
#......#......# #.#
#...#
#######.######## #.#
#...#
#..............# #.#
#....
+...$.......##.##
#.# #...
#...............#
#.#
............>....#
#.#
.#....5..5K5.....#
#.#
#........5@.....#
#.#######
###########.....#
#........ #.....#
######### #.....# #
#.###############
#................
#################


You could see Pikel and 4 lemures.

Vanquished Creatures
  A kobold brigand (Sewer)
  An orc wizard (D:3)
  A gnoll (D:1)
  An adder (D:2)
  A dart slug (D:1)
  3 orcs (D:3)
  10 endoplasms
  4 giant cockroaches
  6 goblins
  2 hobgoblins
  7 jackals
  6 quokkas
  7 ball pythons
  5 bats
  7 frilled lizards
  18 kobolds
  5 rats
85 creatures vanquished.

Vanquished Creatures (collateral kills)
  3 kobolds (Sewer)
3 creatures vanquished.

Vanquished Creatures (others)
  2 plants (Sewer)
2 creatures vanquished.

Grand Total: 90 creatures vanquished

Notes
Turn   | Place    | Note
-------+----------+-------------------------------------------
     0 | D:1      | Morbidden the Djinni Conjurer began the quest for the Orb.
     0 | D:1      | Morbidden set off with the following spells memorised:
                  | Magic Dart, Searing Ray, Dazzling Flash, Fulminant Prism,
                  | Iskenderun's Mystic Blast.
     0 | D:1      | Reached XP level 1. HP: 15/15 MP: 0/0
   346 | D:1      | Reached XP level 2. HP: 17/21 MP: 0/0
   678 | D:1      | Reached XP level 3. HP: 21/26 MP: 0/0
   678 | D:1      | Learned a level 1 spell: Summon Small Mammal
  1085 | D:1      | Found Xiga Cull's Armour Shoppe.
  1407 | D:2      | Reached skill level 4 in Spellcasting
  1616 | D:2      | Reached XP level 4. HP: 19/31 MP: 0/0
  1801 | D:2      | Found a faded altar of an unknown god.
  2416 | D:3      | Found a glowing drain.
  2440 | Sewer    | Entered a sewer
  2822 | Sewer    | Reached skill level 1 in Fighting
  2883 | Sewer    | Noticed a kobold brigand
  2910 | Sewer    | Killed a kobold brigand
  2911 | Sewer    | Reached XP level 5. HP: 21/37 MP: 0/0
  2911 | Sewer    | Learned a level 2 spell: Passwall
  3213 | D:3      | Reached XP level 6. HP: 33/42 MP: 0/0
  3438 | D:3      | Found a white marble altar of Elyvilon.
  3702 | D:3      | Reached skill level 5 in Spellcasting
  4363 | D:4      | Noticed Pikel
  4376 | D:4      | Slain by Pikel

Illustrated notes

Levels and vault maps discovered:
D:1:      heliophobic_arrival_enchanted_forest, layout_basic, serial_shops,
          nicolae_shop_advertising_works [nicolae_subvault_shop_adworks]
D:2:      layout_basic, hellmonk_ecumenical_altar_heavens_door
D:3:      layout_basic, elyvilon_altar_5, cheibrodos_sewer_entry_drain
D:4:      layout_basic, minitemple, uniq_pikel

Skill      XL: |  1  2  3  4  5  6 |
---------------+-------------------+-----
Spellcasting   | 4 5 |  5.0
Fighting       | 1 |  1.3
Stealth        | 2 |  2.0
Short Blades   | |  0.2
Dodging        | |  2.6

Action                   |  1- 3 |  4- 6 || total
-------------------------+-------+-------++-------
Melee: Dagger            |     7 |    54 ||    61
 Cast: Magic Dart        |    57 |    78 ||   135
       Summon Small Mamm |     3 |     7 ||    10
       Searing Ray       |       |     5 ||     5
  Use: Scroll            |       |     8 ||     8
       Potion            |       |     1 ||     1
 Stab: Sleeping          |     2 |     2 ||     4
Armor: Robe              |       |    19 ||    19
Dodge: Dodged            |     6 |    34 ||    40

Table legend: (Time is in decaauts)
 A = Elapsed time spent in this place.
 B = Non-inter-level travel time spent in this place.
 C = Inter-level travel time spent in this place.
 D = Time resting spent in this place.
 E = Time spent auto-exploring this place.
 F = Levels seen in this place.
 G = Mean time per level.
                   A        B        C        D        E       F      G
               +--------+--------+--------+--------+--------+-----+--------+
         Total |   4376 |   4188 |    188 |     70 |   3478 |   5 |  875.2 |
       Dungeon |   3667 |   3479 |    188 |     37 |   2950 |   4 |  916.8 |
         Sewer |    708 |    708 |      0 |     33 |    528 |   1 |  708.0 |
               +--------+--------+--------+--------+--------+-----+--------+

Top non-repeatable levels by time:
     D:1: 1298 daAuts
     D:3: 1117 daAuts
     D:2: 938 daAuts
   Sewer: 708 daAuts
     D:4: 313 daAuts
